 Dungeon Crawl Stone Soup version 0.18-a0-1229-ge9a1a01 (webtiles) character file.

1199 ipx the Chopper (level 8, -5/58 HPs)
             Began as a Demonspawn Abyssal Knight on Feb 4, 2016.
             Was a Priest of Lugonu.
             Slain by an ogre
             ... wielding a cursed -3 giant spiked club
              (22 damage)
             ... on level 7 of the Dungeon on Feb 5, 2016.
             The game lasted 00:40:14 (3144 turns).

ipx the Chopper (Demonspawn Abyssal Knight)         Turns: 3144, Time: 00:40:15

Health: -5/58      AC: 16    Str: 13    XL:     8   Next: 20%
Magic:  0/12       EV:  3    Int: 14    God:    Lugonu [***...]
Gold:   187        SH:  0    Dex: 14    Spells: 0 memorised, 7 levels left

rFire  . . .     SeeInvis .     a - +1 hand axe
rCold  . . .     Gourm    .     u - +0 plate armour
rNeg   . . .     Faith    .     (no shield)
rPois  +         Spirit   +     (no helmet)
rElec  .         Dismiss  .     t - +0 cloak
rCorr  +         Reflect  .     (no gloves)
SustAt .         Harm     .     (no boots)
MR     .....                    (no amulet)
Stlth  ..........               h - ring of resist corrosion
                                p - ring of poison resistance

@: not resistant to hostile enchantments, extremely unstealthy
A: claws 1, iridescent scales 1, demonic guardian 2, magic shield, magic
regeneration
a: Depart the Abyss, Bend Space, Banish, Renounce Religion


You were on level 7 of the Dungeon.
You worshipped Lugonu.
Lugonu was most pleased with you.
You were hungry.

You visited 1 branch of the dungeon, and saw 7 of its levels.
You visited the Abyss 1 time.
You also visited: Ossuary.

You collected 187 gold pieces.

Inventory:

Hand Weapons
 a - a +1 hand axe (weapon)
 n - a +0 hunting sling
Missiles
 r - 16 poisoned needles
 y - 4 needles of sleeping
Armour
 t - a +0 cloak (worn)
 u - a +0 plate armour (worn)
Jewellery
 h - a ring of resist corrosion (right claw)
 p - a ring of poison resistance (left claw)
 F - an uncursed ring of fire
 I - an uncursed ring of ice
Scrolls
 b - 2 scrolls of recharging {unknown}
 e - 2 scrolls of teleportation {unknown}
 f - 2 scrolls of random uselessness {unknown}
 g - 2 scrolls of amnesia {unknown}
 i - 2 scrolls of remove curse
 l - a scroll of enchant armour {unknown}
 o - a scroll of immolation {unknown}
 x - a scroll of magic mapping {unknown}
 z - 2 scrolls of fear
Potions
 d - 3 potions of haste
 k - 2 potions of heal wounds
 m - 2 potions of might
 s - 2 potions of mutation {unknown}
 v - a potion of berserk rage
 w - 2 potions of brilliance {unknown}
Comestibles
 c - 6 bread rations
 q - 3 meat rations
 A - 2 chunks of flesh


   Skills:
 - Level 3.0 Fighting
 - Level 6.7 Axes
 - Level 2.8 Armour
 - Level 0.8 Dodging
 + Level 4.0 Unarmed Combat
 + Level 5.9 Invocations


You had 7 spell levels left.
You didn't know any spells.

Dungeon Overview and Level Annotations

Branches:
Dungeon (7/15)
 Temple: D:4-7

Altars:
Kikubaaqudgha

Annotations:
D:4 Eustachio


Innate Abilities, Weirdness & Mutations

You have sharp fingernails.
You are partially covered in iridescent scales (AC +4).
A demonic guardian rushes to your aid.
When hurt, damage is shared between your health and your magic reserves.
You regenerate magic rapidly.


Message History

Your plate armour prevents you from hitting the ogre.
The ogre is moderately wounded.
The ogre hits you with a giant spiked club!
Press: ? - help, Shift-Dir - straight line, f/p - ogre
Aim: an ogre, wielding a giant spiked club (moderately wounded, chance to defeat MR: 78%)
The ogre barely resists.
You are feeling hungry.
The ogre hits you with a giant spiked club!!
* * * LOW HITPOINT WARNING * * *
Things that are here:
a flail; a gnoll corpse You don't have enough magic at the moment.
The ogre barely misses you.
Okay, then.
Okay, then.
Press: ? - help, Shift-Dir - straight line, f/p - ogre
Aim: an ogre, wielding a giant spiked club (moderately wounded, chance to defeat MR: 78%)
The ogre barely resists.
You feel somewhat more hungry.
The ogre hits you with a giant spiked club!!
You die...

#.# #.#
#.# #.#
#.# #.#
#.#######
#<.@O...#
#.#####.#
#.# #.#
#.# #.#
..# #.#
### #.#
#.# #.#
#.#


You could see an ogre.

Vanquished Creatures
  Sigmund (D:5)
  A giant frog (D:6)
  5 scorpions
  A centaur zombie (Ossuary)
  A human zombie (Ossuary)
  An orc priest (D:4)
  An iguana (D:4)
  A giant frog skeleton (D:4)
  4 big kobold zombies (Ossuary)
  A hound zombie (D:6)
  3 mummies
  An adder (D:5)
  4 gnolls (D:7)
  4 scorpion zombies (Ossuary)
  An ooze (D:3)
  7 giant geckos
  4 orcs (D:4)
  2 bats (D:1)
  3 giant cockroaches
  2 gnoll zombies (Ossuary)
  7 goblins
  5 hobgoblins
  A jackal (D:5)
  A quokka (D:2)
  2 giant newts (D:1)
  3 goblin zombies
  2 hobgoblin zombies (Ossuary)
  4 kobolds
  3 kobold zombies
  A quokka zombie (D:5)
  6 rats
83 creatures vanquished.

Vanquished Creatures (collateral kills)
  Pikel (D:4)
  An ogre (D:5)
  2 scorpions (Ossuary)
  An orc priest (D:4)
  Terence (D:2)
  A mummy (Ossuary)
7 creatures vanquished.

Vanquished Creatures (others)
  3 scorpions (Ossuary)
  A crimson imp (D:5)
  A shadow imp (D:5)
  2 jackals (D:5)
  An orc zombie (Ossuary)
8 creatures vanquished.

Grand Total: 98 creatures vanquished

Notes
Turn   | Place    | Note
--------------------------------------------------------------
     0 | Abyss:1  | ipx the Demonspawn Abyssal Knight began the quest for the Orb.
     0 | Abyss:1  | Reached XP level 1. HP: 18/18 MP: 2/2
    25 | D:1      | Escaped the Abyss
   258 | D:1      | Gained mutation: A weak demonic guardian rushes to your aid. [demonic ancestry]
   258 | D:1      | Reached XP level 2. HP: 14/24 MP: 3/3
   446 | D:2      | Reached ** piety under Lugonu
   648 | D:1      | Gained mutation: You are partially covered in iridescent scales (AC +4). [demonic ancestry]
   648 | D:1      | Reached XP level 3. HP: 19/29 MP: 4/4
   725 | D:2      | Noticed Terence
   731 | D:2      | Killed Terence
   767 | D:2      | Upgraded the game from 0.18-a0-1225-g5d63bca to 0.18-a0-1229-ge9a1a01
  1214 | D:4      | Reached skill level 4 in Axes
  1214 | D:4      | Gained mutation: You have sharp fingernails. [demonic ancestry]
  1214 | D:4      | Reached XP level 4. HP: 20/35 MP: 5/5
  1394 | D:5      | Entered Level 5 of the Dungeon
  1394 | D:5      | Noticed Pikel
  1394 | D:5      | Noticed a slave
  1394 | D:5      | Noticed a slave
  1394 | D:5      | Noticed a slave
  1394 | D:5      | Noticed a slave
  1413 | D:4      | Killed Pikel
  1413 | D:4      | Reached skill level 6 in Axes
  1413 | D:4      | Gained mutation: When hurt, damage is shared between your health and your magic reserves. [demonic ancestry]
  1413 | D:4      | Reached XP level 5. HP: 8/41 MP: 6/6
  1413 | D:4      | Reached XP level 6. HP: 9/47 MP: 7/7
  1664 | D:5      | Found a sand-covered staircase.
  1679 | D:5      | Reached *** piety under Lugonu
  1683 | Ossuary  | Entered an ossuary
  1869 | Ossuary  | Gained mutation: A demonic guardian rushes to your aid. [demonic ancestry]
  1869 | Ossuary  | Reached XP level 7. HP: 37/52 MP: 8/8
  1986 | Ossuary  | Reached skill level 1 in Unarmed Combat
  2703 | D:5      | Noticed Sigmund
  2726 | D:5      | Killed Sigmund
  2726 | D:5      | Reached skill level 5 in Invocations
  2726 | D:5      | Gained mutation: You regenerate magic rapidly. [demonic ancestry]
  2726 | D:5      | Reached XP level 8. HP: 58/58 MP: 11/11
  2794 | D:4      | Noticed Eustachio
  3019 | D:6      | Found an ancient bone altar of Kikubaaqudgha.
  3144 | D:7      | Slain by an ogre

Vault maps used:
D:1:      erik_arrival_blinker_ship, grunt_decor_cap
D:2:      minmay_goblin_outpost, uniq_terence
D:3:      lemuel_doored_altar, first_bread, patterned_corridor
D:4:      due_unseen_surprise, uniq_eustachio, uniq_duvessa, uniq_edmund
D:5:      nicolae_ossuary_entry_giza, xom_redecorated, uniq_pikel, uniq_sigmund
D:6:      kennysheep_mini_moat, nicolae_ashenzari_panopticon, uniq_menkaure
D:7:      minitemple, minmay_temple_entry_junction, serial_shops,
          nicolae_shop_crystal, grunt_livestock, trog_three_pillars_becter
Ossuary:  ossuary_minmay_scorpions

Action                   |  1- 3 |  4- 6 |  7- 9 || total
-------------------------+-------+-------+-------++-------
Melee: Hand axe          |   131 |    94 |   254 ||   479
       Unarmed           |       |       |    51 ||    51
Throw: Tomahawk          |    10 |    15 |    13 ||    38
       Throwing net      |     1 |       |       ||     1
Invok: Bend Space        |       |     1 |       ||     1
       Banish            |       |       |     6 ||     6
  Use: Scroll            |       |     2 |     4 ||     6
       Potion            |       |     1 |       ||     1
 Stab: Held in net/web   |     1 |       |       ||     1
       Distracted        |       |       |     1 ||     1
  Eat: Chunk             |     1 |     3 |     1 ||     5
       Bread ration      |       |       |     1 ||     1
       Beef jerky        |       |       |     1 ||     1
